Unix NetHack Version 3.7.0-59 Work-in-progress - last build Jun 21 2022 21:34:18 (82e59222e4b6558e33156aede0636042c14940b8,branch:master). Game began 2022-06-24 00:31:59, ended 2022-06-24 01:46:32. Gandelf, neutral male human Monk ----------- ----------- |..00|..0.--- |........[| |....|.....>| |.........| |.........--- |.........| |0...|0...| |....<....| |-.--------- |.........| |.[..|.....| |.........| |....|.....| |.........| |..........| |........g| |....|.....----------------@| |....|......................| ----------------------------- Gandelf the Initiate St:18 Dx:14 Co:13 In:9 Wi:17 Ch:9 Neutral S:11039 Dlvl:5 $:685 HP:0(63) Pw:62(62) AC:0 Xp:8/2491 T:7686 Burdened Latest messages: The invisible gargoyle bites! You miss it. The invisible gargoyle misses! The invisible gargoyle hits! The invisible gargoyle bites! You miss it. The invisible gargoyle hits! The invisible gargoyle hits! The invisible gargoyle misses! The invisible gargoyle hits! The invisible gargoyle hits! The invisible gargoyle misses! Are you sure you want to pray? [yn] (n) y You begin praying to Chih Sung-tzu. You are surrounded by a shimmering light. The invisible gargoyle starts to attack you, but pulls back. The invisible gargoyle starts to attack you, but pulls back. The invisible gargoyle starts to attack you, but pulls back. You finish your prayer. You feel that Chih Sung-tzu is well-pleased. You feel much better. You miss it. The invisible gargoyle hits! The invisible gargoyle misses! The invisible gargoyle misses! You miss it. You miss it. The invisible gargoyle misses! The invisible gargoyle misses! The invisible gargoyle bites! You miss it. The invisible gargoyle hits! The invisible gargoyle misses! The invisible gargoyle bites! You miss it. The invisible gargoyle hits! The invisible gargoyle misses! The invisible gargoyle bites! You miss it. The invisible gargoyle hits! The invisible gargoyle hits! The invisible gargoyle misses! You miss it. The invisible gargoyle hits! You die... Do you want your possessions identified? [ynq] (y) y Do you want to see your attributes? [ynq] (y) y Do you want an account of creatures vanquished? [ynaq] (y) y Do you want to see your conduct and achievements? [ynq] (y) y Do you want to see the dungeon overview? [ynq] (y) y Major events: Turn 1: Gandelf the neutral male human Monk entered the dungeon 608: attained the rank of Novice (level 3) 1302: entered the Gnomish Mines 1966: attained the rank of Initiate (level 6) 2385: reached Mine Town 4006: made his first wish - "blessed +4 polished silver shield", got "a polished silver shield" 5083: entered Sokoban 5321: completed sokoban 1 5770: completed sokoban 2 6318: completed sokoban 3 7686: killed by an invisible gargoyle Inventory: Coins $ - 685 gold pieces Amulets w - a blessed amulet of life saving Armor v - an uncursed rusty +0 orcish helm (being worn) a - an uncursed +2 pair of leather gloves (being worn) D - an uncursed +0 pair of high boots (being worn) X - a blessed +0 shield of reflection (being worn) A - a cursed -3 dwarvish cloak b - a blessed +1 robe (being worn) Comestibles n - an uncursed slime mold h - 5 uncursed apples M - 2 uncursed carrots z - an uncursed eucalyptus leaf s - an uncursed partly eaten food ration u - 2 uncursed food rations P - a cursed food ration T - 2 uncursed fortune cookies Y - 2 uncursed fortune cookies i - 5 uncursed oranges W - an uncursed pear x - an uncursed sprig of wolfsbane V - 2 uncursed tripe rations p - an uncursed lizard corpse Scrolls f - a blessed scroll of earth g - an uncursed scroll of earth y - a blessed scroll of punishment Potions t - an uncursed potion of object detection Rings m - an uncursed ring of levitation r - an uncursed ring of searching o - an uncursed ring of sustain ability R - a cursed ring of teleport control Wands O - a wand of digging (0:7) j - a wand of slow monster (0:4) Tools N - an uncursed leash Q - an uncursed leash Z - a blessed magic marker (0:57) c - an uncursed mirror q - a +0 pick-axe (weapon in hand) k - an uncursed skeleton key L - an uncursed towel Gems/Stones E - 60 uncursed rocks Gandelf the Monk's attributes: Background: You were an Initiate, a level 8 male human Monk. You were neutral, on a mission for Chih Sung-tzu who was opposed by Shan Lai Ching (lawful) and Huan Ti (chaotic). You were in Sokoban, on level 5. You entered the dungeon 7686 turns ago. It was nighttime. You had 2491 experience points, 69 more were needed to attain level 9. Your score was 11039 before end-of-game adjustments. Basics: You had 0 out of 63 hit points. You had all 62 energy points (spell power). Your armor class was 0. Your wallet contained 685 zorkmids. Autopickup was off. Final Characteristics: Your strength was 18 (peak:18/01, limit:18/100). Your dexterity was 14 (limit:18). Your constitution was 13 (limit:18). Your intelligence was 9 (limit:18). Your wisdom was 17 (peak:18, limit:18). Your charisma was 9 (limit:18). Final Status: You were not hungry. You were burdened; movement was slightly slowed. You were wielding a pick-axe. You had no skill with pick-axe. Final Attributes: You were piously aligned. You were sleep resistant. You were poison resistant. You saw invisible. You were warned. You were stealthy. You were guarded. You were fast. You had reflection. You are dead. Miscellaneous: You never encountered a bones level. Total elapsed playing time was 1 hour, 14 minutes and 33 seconds. Vanquished creatures: a giant mimic a pyrolisk a dwarf ruler 3 Grey-elves a giant beetle 5 wolves a lynx 2 scorpions a gnome ruler a rust monster 2 gold golems a Green-elf a lizard a blue jelly 2 gnome mummies 2 snakes an ape a rope golem 4 Woodland-elves 3 bugbears 2 wood nymphs 3 water nymphs 2 mountain nymphs 2 Uruk-hai a pony 4 yellow lights 3 gnome leaders 2 gnomish wizards a gray ooze a straw golem a giant ant 3 floating eyes 9 dwarves 2 homunculi 2 kobold leaders 2 kobold shamans 8 hill orcs 2 giant bats 3 monkeys 2 iguanas a killer bee 5 hobbits a large kobold 2 hobgoblins 4 cave spiders a yellow mold a green mold a red mold 36 gnomes 6 jackals a fox 4 kobolds 2 goblins 4 sewer rats 7 grid bugs 12 lichens 5 newts 183 creatures vanquished. No species were genocided or became extinct. Voluntary challenges: You followed a strict vegan diet. You never hit with a wielded weapon. You read items or engraved 4 times. You never engraved Elbereth. You never genocided any monsters. You never polymorphed an object. You never changed form. You used 1 wish. You did not wish for any artifacts. You did not violate any of the special Sokoban rules. Achievements: You attained the rank of Novice. You entered the Gnomish Mines. You attained the rank of Initiate. You entered Minetown. You entered a temple. You entered a shop. You entered Sokoban. The Dungeons of Doom: levels 1 to 8 Level 1: Many altars, a fountain. Level 2: Level 3: Many fountains, a sink. Stairs down to The Gnomish Mines. Level 4: A grave. Level 5: A fountain. Level 6: Many fountains. Oracle of Delphi. Level 7: A jewelers. Stairs up to Sokoban, level 6. Level 8: The Gnomish Mines: levels 4 to 7 Level 4: Level 5: Level 6: Level 7: Some shops, a temple, some fountains, a sink. Sokoban: levels 6 up to 3 Level 3: Unsolved. Level 4: Solved. Level 5: <- You were here. Solved. Final resting place for you, killed by an invisible gargoyle. Level 6: Solved. Game over: ---------- / \ / REST \ / IN \ / PEACE \ / \ | Gandelf | | 685 Au | | killed by an | | invisible | | gargoyle | | | | 2022 | *| * * * | * _________)/\\_//(\/(/\)/\//\/|_)_______ Goodbye Gandelf the Monk... You died in Sokoban on dungeon level 5 with 10971 points, and 685 pieces of gold, after 7686 moves. You were level 8 with a maximum of 63 hit points when you died.